 Dungeon Crawl Stone Soup version 0.22-a0-425-g89d60a1 (webtiles) character file.

40153 KristoblXynda the Grappler (level 13, -6/120 HPs)
             Began as a Troll Monk on May 24, 2018.
             Was the Champion of Cheibriados.
             Engulfed by a cloud of freezing vapour (21 damage)
             ... in an ice cave.
             The game lasted 00:34:25 (13372 turns).

KristoblXynda the Grappler (Troll Monk)            Turns: 13372, Time: 00:34:25

Health: -6/120     AC: 10    Str: 37    XL:     13   Next: 73%
Magic:  19/19      EV: 15    Int: 25    God:    Cheibriados [******]
Gold:   950        SH:  0    Dex: 27    Spells: 10/12 levels left

rFire    + . .     SeeInvis .     - Unarmed
rCold    . . .     Gourm    +   (no shield)
rNeg     + . .     Faith    .   B - +0 troll leather armour
rPois    .         Spirit   .   (helmet restricted)
rElec    .         Reflect  .   y - +1 cloak
rCorr    .         Harm     .   (gloves unavailable)
MR       .....                  (boots unavailable)
Stlth    ++........             (no amulet)
HPRegen  1.10/turn              r - ring of protection from fire
MPRegen  0.16/turn              p - ring of positive energy

@: very slow
A: large, unfitting armour, claws 3, fast metabolism 3, gourmand, regeneration
1, shaggy fur 1, tough skin 2
a: Bend Time, Temporal Distortion, Slouch, Step From Time, Renounce Religion


You were in an ice cave.
You worshipped Cheibriados.
Cheibriados was exalted by your worship.
You were completely stuffed.

You visited 3 branches of the dungeon, and saw 17 of its levels.
You also visited: Ice Cave.

You collected 950 gold pieces.

Inventory:

Hand Weapons
 s - a +3 whip of flaming
Missiles
 g - 4 throwing nets (quivered)
Armour
 o - a scarf of cloud immunity
 y - a +1 cloak (worn)
 B - a +0 troll leather armour (worn)
Jewellery
 a - an uncursed amulet of faith {unknown}
 p - a ring of positive energy (right claw)
 r - a ring of protection from fire (left claw)
Wands
 l - a wand of paralysis (20)
 m - a wand of flame (17)
 t - a wand of enslavement (5)
 E - a wand of acid (12)
Scrolls
 c - 4 scrolls of teleportation
 d - 2 scrolls of immolation
 j - 9 scrolls of remove curse
 q - a scroll of amnesia
 v - 2 scrolls of silence
 w - 3 scrolls of enchant armour
 x - 2 scrolls of fog
 D - a scroll of vulnerability
Potions
 e - a potion of agility
 f - a potion of ambrosia
 h - 4 potions of lignification
 i - 2 potions of curing
 k - a potion of might
 n - a potion of cancellation
 z - a potion of magic
 A - a potion of flight
Miscellaneous
 C - a box of beasts
Comestibles
 b - 24 rations
 u - 12 chunks of flesh


   Skills:
 - Level 6.0 Fighting
 - Level 6.3 Armour
 - Level 6.2 Dodging
 - Level 1.0 Stealth
 + Level 13.8 Unarmed Combat
 + Level 5.3 Conjurations
 + Level 9.4 Invocations
 - Level 7.3 Evocations


You had 10 spell levels left.
You knew the following spells:

 Your Spells              Type           Power        Failure   Level  Hunger
a - Throw Flame           Conj/Fire      ##....       8%          2    ###....

Your spell library contained the following spells:

 Spells                   Type           Power        Failure   Level  Hunger
 Olgreb's Toxic Radiance  Pois           #.......     82%         4    #####..
 Teleport Other           Tloc           #.......     41%         3    ####...
 Blink                    Tloc           N/A          22%         2    ###....
 Animate Dead             Necr           N/A          82%         4    #####..
 Pain                     Necr           #...         14%         1    ##.....
 Animate Skeleton         Necr           N/A          14%         1    ##.....
 Vampiric Draining        Necr           #.........   41%         3    ####...
 Regeneration             Chrm/Necr      #.........   41%         3    ####...
 Spider Form              Tmut/Pois      #.........   41%         3    ####...
 Ignite Poison            Fire/Tmut/Pois #.......     41%         3    ####...
 Passage of Golubria      Tloc           N/A          82%         4    #####..
 Shroud of Golubria       Chrm/Tloc      #.........   22%         2    ###....
 Inner Flame              Hex/Fire       #.......     41%         3    ####...
 Gell's Gravitas          Tloc           #.........   41%         3    ####...
 Lesser Beckoning         Tloc           #.........   41%         3    ####...


Dungeon Overview and Level Annotations

Branches:
Dungeon (15/15)            Temple (1/1) D:5            Lair (1/6) D:10
    Orc (0/2) D:9          Vaults (0/5) D:13         Depths (0/5) D:15

Altars:
Ashenzari
Cheibriados
Dithmenos
Elyvilon
Fedhas
Gozag
Hepliaklqana
Kikubaaqudgha
Makhleb
Nemelex Xobeh
Okawaru
Qazlal
Ru
Sif Muna
Trog
Uskayaw
Vehumet
Wu Jian
Xom
Yredelemnul
Zin
The Shining One

Portals:
Trove: D:10 (give horn of Geryon)

Annotations:
D:15 Urug
Lair:1 Gastronok


Innate Abilities, Weirdness & Mutations

You are too large for most types of armour.
You have claws for hands.
Your metabolism is lightning-fast.
You like to eat raw meat.
Your natural rate of healing is unusually fast.
You are covered in fur. (AC +1)
You have very tough skin. (AC +2)


Message History

You now have 950 gold pieces (gained 25).
You see here a wolf skeleton.
You enter the shallow water.
Moving in this stuff is going to be slow.
Found a wolf corpse.
You are engulfed in freezing vapours.
You are engulfed in freezing vapours.
Found a wolf skeleton.
You start resting.
You are engulfed in freezing vapours.
* * * LOW HITPOINT WARNING * * *
You are engulfed in freezing vapours.
* * * LOW HITPOINT WARNING * * *
Okay, then.
You feel better.
You are engulfed in freezing vapours.
* * * LOW HITPOINT WARNING * * *
You feel better.
You are engulfed in freezing vapours.
* * * LOW HITPOINT WARNING * * *
You feel better.
You are engulfed in freezing vapours.
You die...

#....# ##÷##
##..(# #..#
#.⌠.# ##.##
#..§#### #..#
#..§§≈.# ##.#
##...#.###..##
##..#..#....##
#####§#.###.#
#@##...##
#§###..## §##
##..# §§ ##.#
§§# #.## §#.
####.# .÷##
##.##.# .#
####..#..#
##.....÷#.#


There were no monsters in sight!

Vanquished Creatures
  A hydra (D:12)
  6 centaur warriors
  Erica (D:9)
  4 two-headed ogres
  A storm dragon zombie (D:15)
  A flayed ghost (D:15)
  4 unseen horrors
  Pikel (D:7)
  An orc knight (D:13)
  A necromancer (D:15)
  A deep elf mage (D:12)
  4 manticores
  2 ugly things
  2 slime creatures (D:13)
  2 cyclopes (D:14)
  An ice statue (IceCv)
  Psyche (D:10)
  A yaktaur zombie (D:15)
  The ghost of Gorice the Chiller, a novice DsWn of Vehumet (D:5)
  2 gargoyles (D:13)
  5 yaktaurs (D:13)
  2 komodo dragons
  4 efreet
  The ghost of emperorscorpion the Conjurer, a novice DECj (D:4)
  A hornet (D:13)
  A tengu conjurer (D:13)
  4 trolls
  A harpy zombie (D:15)
  2 polar bears (IceCv)
  4 hippogriffs
  Sigmund (D:6)
  2 shadows
  An ettin skeleton (D:15)
  2 wraiths
  4 wyverns
  A basilisk (D:14)
  A hog (D:14)
  27 yaks
  2 hungry ghosts (D:9)
  3 wargs (D:10)
  4 swamp worms (D:10)
  A water moccasin (D:12)
  6 ice beasts
  A porcupine (Lair:1)
  8 orc warriors
  3 slaves (D:7)
  5 phantoms
  2 sky beasts
  4 black bears
  An eye of draining (D:10)
  3 ogres
  A boggart (D:13)
  7 wolves (IceCv)
  20 centaurs
  4 big kobolds
  11 bullfrogs
  A gnoll sergeant (D:12)
  3 wyvern zombies
  8 scorpions
  A wyvern skeleton (D:11)
  2 water moccasin skeletons
  8 killer bees
  12 wights
  A centaur zombie (D:12)
  An electric eel (D:9)
  5 howler monkeys
  2 bullfrog zombies
  8 crimson imps
  8 hounds
  2 jellies
  14 orc priests
  2 bullfrog skeletons
  A centaur skeleton (D:8)
  20 orc wizards
  Crazy Yiuf (D:3)
  6 iguanas
  5 worker ants
  2 worker ant zombies
  13 adders
  9 gnolls
  A shadow imp (D:10)
  3 oozes
  3 worms
  2 dart slugs (D:1)
  5 leopard geckos
  55 orcs
  6 bats
  5 giant cockroaches
  3 goblins
  9 hobgoblins
  17 jackals
  5 quokkas
  A ball python (D:5)
  5 frilled lizards
  17 kobolds
  A quokka zombie (D:8)
  6 rats
467 creatures vanquished.

Vanquished Creatures (others)
  A polar bear (IceCv)
  2 yaks (IceCv)
  A slave (D:7)
  4 wolves (IceCv)
  A howler monkey skeleton (D:7)
  2 plants (D:10)
  A withered plant (D:15)
12 creatures vanquished.

Grand Total: 479 creatures vanquished

Notes
Turn   | Place    | Note
-------+----------+-------------------------------------------
     0 | D:1      | KristoblXynda the Troll Monk began the quest for the Orb.
     0 | D:1      | Reached XP level 1. HP: 22/22 MP: 0/0
     3 | D:1      | Noticed an electric eel
     3 | D:1      | Noticed an electric eel
   119 | D:1      | Reached XP level 2. HP: 29/29 MP: 1/1
   425 | D:1      | Reached XP level 3. HP: 36/36 MP: 2/2
  1150 | D:3      | Reached XP level 4. HP: 45/45 MP: 3/3
  1491 | D:3      | Found a runed door.
  1533 | D:3      | Noticed Crazy Yiuf
  1536 | D:3      | Killed Crazy Yiuf
  1585 | D:4      | Reached skill level 4 in Unarmed Combat
  1585 | D:4      | Reached XP level 5. HP: 53/53 MP: 4/4
  1629 | D:4      | Noticed a centaur
  1639 | D:4      | Killed a centaur
  1643 | D:4      | Reached XP level 6. HP: 45/62 MP: 5/5
  1813 | D:4      | Noticed emperorscorpion's ghost (novice DECj)
  1959 | D:4      | Reached skill level 5 in Unarmed Combat
  2038 | D:4      | Reached XP level 7. HP: 62/70 MP: 6/6
  2126 | D:4      | Reached skill level 1 in Evocations
  2183 | D:4      | Found a sparkling altar of Nemelex Xobeh.
  2490 | D:5      | Entered Level 5 of the Dungeon
  2550 | D:5      | Reached skill level 6 in Unarmed Combat
  2646 | D:5      | Found a staircase to the Ecumenical Temple.
  2658 | D:5      | Reached XP level 8. HP: 49/78 MP: 8/8
  2692 | Temple   | Entered the Ecumenical Temple
  2706 | Temple   | Became a worshipper of Cheibriados the Contemplative
  2706 | Temple   | Reached * piety under Cheibriados
  2706 | Temple   | Reached ** piety under Cheibriados
  2803 | D:5      | Reached skill level 5 in Dodging
  2803 | D:5      | Reached skill level 7 in Unarmed Combat
  2944 | D:5      | Reached skill level 1 in Armour
  3294 | D:5      | Reached skill level 8 in Unarmed Combat
  3307 | D:5      | Noticed Gorice's ghost (novice DsWn)
  3320 | D:5      | Killed Gorice's ghost
  3320 | D:5      | Reached XP level 9. HP: 48/84 MP: 10/10
  3677 | D:4      | Killed emperorscorpion's ghost
  3750 | D:6      | Reached skill level 9 in Unarmed Combat
  3774 | D:6      | Reached *** piety under Cheibriados
  3878 | D:6      | Found a hide-covered altar of Uskayaw.
  4174 | D:6      | Noticed Sigmund
  4178 | D:6      | Killed Sigmund
  4595 | D:7      | Noticed Pikel
  4606 | D:7      | Killed Pikel
  4606 | D:7      | Reached skill level 10 in Unarmed Combat
  4615 | D:7      | Got a shimmering falchion {venom}
  4920 | D:7      | Reached XP level 10. HP: 89/92 MP: 12/12
  4981 | D:7      | Reached skill level 1 in Invocations
  5210 | D:7      | Reached **** piety under Cheibriados
  5631 | D:8      | Noticed a two-headed ogre
  5638 | D:8      | Killed a two-headed ogre
  5638 | D:8      | Reached skill level 5 in Evocations
  5821 | D:8      | Found a shattered altar of Ashenzari.
  5825 | D:8      | Saw a vision of the Shoals and the Snake Pit.
  5825 | D:8      | Noticed a shock serpent
  5825 | D:8      | Noticed a merfolk siren
  5826 | D:8      | Noticed a black mamba
  5827 | D:8      | Noticed a naga sharpshooter
  5873 | D:9      | Reached skill level 5 in Armour
  6165 | D:9      | Reached ***** piety under Cheibriados
  6318 | D:9      | Found a staircase to the Orcish Mines.
  6560 | D:9      | Noticed Erica
  6572 | D:9      | Killed Erica
  6572 | D:9      | Reached skill level 11 in Unarmed Combat
  6776 | D:10     | Entered Level 10 of the Dungeon
  6798 | D:10     | Reached XP level 11. HP: 93/100 MP: 14/14
  6945 | D:10     | Found a staircase to the Lair.
  6989 | D:10     | Found a portal to a secret trove of treasure.
  7508 | D:10     | Noticed Psyche
  7521 | D:10     | Killed Psyche
  7692 | D:10     | Identified the Incunabulum of the Final Friends
  8066 | D:11     | Noticed a red ugly thing
  8091 | D:11     | Reached ****** piety under Cheibriados
  8113 | D:11     | Reached skill level 5 in Invocations
  8331 | D:11     | Reached skill level 5 in Fighting
  8387 | D:11     | Killed a red ugly thing
  8394 | D:11     | Killed an unseen horror
  8398 | D:11     | Killed an unseen horror
  8757 | D:11     | Noticed a two-headed ogre
  8761 | D:11     | Noticed a two-headed ogre
  8764 | D:11     | Killed a two-headed ogre
  8769 | D:11     | HP: 4/104 [two-headed ogre/giant spiked club (14)]
  8772 | D:11     | Killed a two-headed ogre
  9116 | D:12     | Noticed an eight-headed hydra
  9125 | D:12     | Killed a 12-headed hydra
  9125 | D:12     | Reached XP level 12. HP: 111/111 MP: 16/16
  9252 | D:12     | Reached skill level 12 in Unarmed Combat
  9784 | D:12     | Learned a level 2 spell: Throw Flame
 10018 | D:12     | Reached skill level 1 in Conjurations
 10259 | D:13     | Noticed a centaur warrior
 10266 | D:13     | Killed a centaur warrior
 10393 | D:13     | Noticed a centaur warrior
 10401 | D:13     | Killed a centaur warrior
 10512 | D:13     | Noticed a centaur warrior
 10527 | D:13     | Killed a centaur warrior
 10527 | D:13     | Reached XP level 13. HP: 82/120 MP: 17/17
 10540 | D:13     | Reached skill level 13 in Unarmed Combat
 10687 | D:13     | Found a gate to the Vaults.
 11554 | D:14     | Found a glowing golden altar of the Shining One.
 12106 | D:15     | Entered Level 15 of the Dungeon
 12333 | D:15     | HP: 6/120 [yaktaur captain zombie (13)]
 12334 | D:15     | HP: 1/120 [yaktaur captain zombie (6)]
 12457 | D:15     | Found a staircase to the Depths.
 12477 | D:15     | Reached skill level 5 in Conjurations
 12489 | D:15     | Noticed Urug
 12743 | Lair:1   | Entered Level 1 of the Lair of Beasts
 12745 | Lair:1   | Identified a scroll of acquirement
 12839 | Lair:1   | Found a frozen archway.
 12845 | Lair:1   | Noticed Gastronok
 12848 | IceCv    | Entered an ice cave
 13370 | IceCv    | HP: 1/120 [something (17)]
 13372 | IceCv    | Engulfed by a cloud of freezing vapour

Vault maps used:
D:1:      arrival_aquarium_b
D:2:      first_ration
D:3:      uniq_crazy_yiuf_cottage
D:4:      nemelex_spade_bored_becter
D:5:      black_bear_nest_1, minmay_temple_entry_junction_2
D:6:      kennysheep_mini, uniq_sigmund
D:7:      grunt_ogre_cave, uniq_pikel
D:8:      grunt_ashenzari_visionary
D:9:      erik_orc_2, uniq_erica
D:10:     erik_lair_orcish_takeover, nicolae_trove_entry_crossroad,
          worms_lemuel, uniq_psyche
D:13:     hangedman_vaults_entry_quadrant_bands
D:14:     tso_metal_star
D:15:     gammafunk_depths_entry_grave, minmay_misc_feat_diagonals, uniq_kirke,
          uniq_urug, uniq_josephine
Temple:   grunt_wide_crystal_templ
Lair:1:   nicolae_volcano_entry_vermiform, portal_ice_cave_entry_pillars_2,
          st_stairs_8, minivault_23, serial_bayou_lake_a, uniq_gastronok
IceCv:    ice_cave_caverns_02

Skill      XL: |  1  2  3  4  5  6  7  8  9 10 11 12 13 |
---------------+----------------------------------------+-----
Dodging        | 3 4 5 6 |  6.2
Fighting       | 3 4 5 6 |  6.0
Unarmed Combat | 4 5 6 8 10 11 12 13 | 13.8
Evocations     | 2 3 4 5 6 7 |  7.3
Armour         | 2 4 5 6 |  6.3
Invocations    | 4 5 7 9 |  9.4
Conjurations   | 3 5 |  5.3
Stealth        | |  1.0

Action                   |  1- 3 |  4- 6 |  7- 9 | 10-12 | 13-15 || total
-------------------------+-------+-------+-------+-------+-------++-------
Melee: Unarmed           |   111 |   103 |   306 |   620 |   257 ||  1397
       Punch             |     1 |     1 |    13 |    69 |    31 ||   115
Evoke: Wand              |       |       |       |    13 |     7 ||    20
       Box of beasts     |       |       |       |       |     1 ||     1
  Use: Scroll            |       |     7 |     4 |    11 |     7 ||    29
       Potion            |       |     2 |     1 |     5 |     5 ||    13
 Stab: Sleeping          |     1 |       |     2 |    13 |     1 ||    17
       Distracted        |       |       |     1 |       |       ||     1
       Paralysed         |       |       |       |     4 |     9 ||    13
  Eat: Chunk             |    16 |     8 |    20 |    47 |    18 ||   109
Armor: Robe              |    56 |    27 |    76 |    78 |       ||   237
       Troll leather arm |       |       |       |    90 |    60 ||   150
       Skin              |       |       |       |    15 |    36 ||    51
Dodge: Dodged            |    83 |    54 |   184 |   411 |   184 ||   916

Table legend:
 A = Spawn XP
 B = Non-spawn XP
 C = Spawn XP percentage of total XP
 D = Spawn monster count
 E = Non-spawn monster count
 F = Spawn count percentage of total count
 G = Total turns spent on level
                    A         B        C        D         E        F      G
               +---------+---------+-------+---------+---------+-------+---------
         Total |       0 |   57362 |   0.0 |       0 |     464 |   0.0 | 13372
               +---------+---------+-------+---------+---------+-------+---------
           D:1 |       0 |      44 |   0.0 |       0 |      22 |   0.0 |   597
           D:2 |       0 |      29 |   0.0 |       0 |      15 |   0.0 |   443
           D:3 |       0 |      88 |   0.0 |       0 |      15 |   0.0 |   615
           D:4 |       0 |    1163 |   0.0 |       0 |      26 |   0.0 |   917
           D:5 |       0 |    2032 |   0.0 |       0 |      45 |   0.0 |  1050
           D:6 |       0 |     667 |   0.0 |       0 |      13 |   0.0 |   632
           D:7 |       0 |    1767 |   0.0 |       0 |      27 |   0.0 |  1012
           D:8 |       0 |    2016 |   0.0 |       0 |      24 |   0.0 |   485
           D:9 |       0 |    2640 |   0.0 |       0 |      36 |   0.0 |   918
          D:10 |       0 |    3883 |   0.0 |       0 |      42 |   0.0 |  1151
          D:11 |       0 |    7251 |   0.0 |       0 |      38 |   0.0 |  1130
          D:12 |       0 |    8638 |   0.0 |       0 |      49 |   0.0 |  1252
          D:13 |       0 |   13186 |   0.0 |       0 |      61 |   0.0 |  1184
          D:14 |       0 |    4733 |   0.0 |       0 |      16 |   0.0 |   859
          D:15 |       0 |    5728 |   0.0 |       0 |      15 |   0.0 |   391
        Temple |       0 |      44 |   0.0 |       0 |       1 |   0.0 |   107
        Lair:1 |       0 |     233 |   0.0 |       0 |       2 |   0.0 |   105
         IceCv |       0 |    3220 |   0.0 |       0 |      17 |   0.0 |   524
               +---------+---------+-------+---------+---------+-------+---------
